 Dungeon Crawl Stone Soup version 0.27-a0-899-ge2d0b17c59 (webtiles) character file.

Game seed: 5264248881919638248

55 robertstho the Sneak (level 3, -4/18 HPs)
             Began as a Spriggan Brigand on Apr 5, 2021.
             Slain by a worm (8 damage)
             ... on level 2 of the Dungeon.
             The game lasted 00:03:25 (2675 turns).

robertstho the Sneak (Spriggan Brigand)             Turns: 2675, Time: 00:03:26

Health: -4/18      AC:  3    Str:  7    XL:     3   Next: 67%
Magic:  1/6        EV: 17    Int: 12    God:
Gold:   68         SH:  0    Dex: 17    Spells: 3/4 levels left

rFire    . . .     SeeInvis +   a - +2 dagger
rCold    . . .     Faith    .   (shield restricted)
rNeg     . . .     Spirit   .   b - +0 robe
rPois    .         Reflect  .   (helmet restricted)
rElec    .         Harm     .   c - +0 cloak
rCorr    .         Rampage  .   (gloves unavailable)
Will     .....                  (boots unavailable)
Stlth    ++++......             (no amulet)
HPRegen  0.06/turn              (no ring)
MPRegen  0.10/turn              (no ring)

@: very slightly contaminated, very quick
A: very small, no large weapons, unfitting armour, see invisible, speed 3
a: no special abilities


You were on level 2 of the Dungeon.
You visited 1 branch of the dungeon, and saw 2 of its levels.

You collected 68 gold pieces.

Inventory:

Hand Weapons
 a - a +2 dagger (weapon)
Missiles
 d - 8 poisoned darts (quivered)
 e - 2 curare-tipped darts
Armour
 b - a +0 robe (worn)
 c - a +0 cloak (worn)
Scrolls
 f - a scroll of teleportation {unknown}
 g - a scroll of fear {unknown}
 h - a scroll of enchant weapon {unknown}
Potions
 i - a potion of curing {unknown}
 j - a potion of haste {unknown}


   Skills:
 * Level 1.8 Fighting
 + Level 2.6 Short Blades
 + Level 2.2 Throwing
 + Level 1.8 Dodging
 * Level 6.9 Stealth
 * Level 1.4 Spellcasting


You had 3 spell levels left.
You knew the following spells:

 Your Spells              Type           Power      Damage    Failure   Level
a - Corona                Hex            0%         N/A       28%         1

Your spell library contained the following spells:

 Spells                   Type           Power      Damage    Failure   Level
 Ensorcelled Hibernation  Hex/Ice        0%         N/A       41%         2
 Confusing Touch          Hex            0%         N/A       65%         3
 Dazzling Flash           Conj/Hex       0%         N/A       65%         3
 Gell's Gravitas          Tloc           0%         N/A       65%         3
 Tukima's Dance           Hex            0%         N/A       65%         3
 Petrify                  Tmut/Erth      0%         N/A       96%         4
 Metabolic Englaciation   Hex/Ice        0%         N/A       100%        5
 Yara's Violent Unravell  Hex/Tmut       0%         3d3       100%        5


Dungeon Overview and Level Annotations

Branches:
Dungeon (2/15)

Altars:
Xom


Innate Abilities, Weirdness & Mutations

You are very small and have problems with some larger weapons.
You are too small for most types of armour.
You have supernaturally acute eyesight. (SInv)
You cover ground extremely quickly. (Speed+++)


Message History

Casting: Corona (safe; 28% risk of failure)
Confirm with . or Enter, or press ? or * to list all spells.
Aiming: Corona (safe; 28% risk of failure)
Press: ? - help, Shift-Dir - straight line, f/p - worm
Aim: a worm (chance to affect: 41%)
The worm resists with significant effort.
Casting: Corona (safe; 28% risk of failure)
Confirm with . or Enter, or press ? or * to list all spells.
Aiming: Corona (safe; 28% risk of failure)
Press: ? - help, Shift-Dir - straight line, f/p - worm
Aim: a worm (chance to affect: 41%)
The worm resists with significant effort.
The worm completely misses you.
Casting: Corona (safe; 28% risk of failure)
Confirm with . or Enter, or press ? or * to list all spells.
Aiming: Corona (safe; 28% risk of failure)
Press: ? - help, Shift-Dir - straight line, f/p - worm
Aim: a worm (black smoke, chance to affect: 41%)
You miscast Corona.
Nothing appears to happen.
The worm bites you!
Ouch! That really hurt!
Casting: Corona (safe; 28% risk of failure)
Confirm with . or Enter, or press ? or * to list all spells.
Aiming: Corona (safe; 28% risk of failure)
Press: ? - help, Shift-Dir - straight line, f/p - worm
Aim: a worm (chance to affect: 41%)
You miscast Corona.
Nothing appears to happen.
Unknown command.
You hit the worm but do no damage. The worm barely misses you.
You hit the worm.
The worm is lightly wounded.
You hit the worm.
The worm is lightly wounded.
The worm bites you.
* * * LOW HITPOINT WARNING * * *
You hit the worm.
The worm is moderately wounded.
You hit the worm but do no damage.
The worm is moderately wounded.
The worm bites you!
You die...

#.# #.........#######.###..
#######.###.....<................
.................................
#######)###...............#.#....
#..............#####.#.#..#.
######..............# #........
.............######.#######......
...###.......####................
................@................
...###......###w##......####.....
...# ########≈≈§§#.....(##.......
.### #≈.#§#......##.#..... ...
#≈# ≈#......##.###.#. .## #≈
≈#......##.#....< ##
##########.#...#. #.#...#.
#.#...#.


You could see a worm.

Vanquished Creatures
  An adder (D:2)
  A ball python (D:1)
  4 endoplasms
  4 goblins
  5 hobgoblins
  7 jackals
  A quokka (D:2)
  4 bats
  4 frilled lizards
  4 kobolds
  6 rats
41 creatures vanquished.

Notes
Turn   | Place    | Note
-------+----------+-------------------------------------------
     0 | D:1      | robertstho the Spriggan Brigand began the quest for the
                  | Orb.
     0 | D:1      | Reached XP level 1. HP: 10/10 MP: 2/2
    16 | D:2      | Found a shimmering altar of Xom.
    99 | D:2      | Reached skill level 6 in Stealth
   226 | D:1      | Found a faded altar of an unknown god.
   291 | D:1      | Reached XP level 2. HP: 12/14 MP: 4/4
   492 | D:1      | Reached skill level 1 in Spellcasting
  1468 | D:2      | Reached XP level 3. HP: 9/18 MP: 5/5
  2220 | D:2      | Learned a level 1 spell: Corona
  2675 | D:2      | Slain by a worm

Illustrated notes

Levels and vault maps discovered:
D:1:      dpeg_arrival_fog, layout_basic, basic_ecumenical_altar,
          serial_aquarium, aquarium_bridge_straight [aquarium_subvault_bridge,
          aquarium_subvault_window, aquarium_subvault_bridge,
          aquarium_subvault_balcony], aquarium_window_fake,
          aquarium_window_fake, aquarium_window_1, aquarium_view_2a,
          aquarium_balcony_3a, aquarium_pool_2
D:2:      layout_basic, basic_altar, kennysheep_generic_room_14

Skill      XL: |  1  2 |
---------------+-------+-----
Stealth        | 6 |  6.9
Spellcasting   | 1 |  1.4
Fighting       | |  1.8
Short Blades   | |  2.6
Throwing       | |  2.2
Dodging        | |  1.8

Action                   || total
-------------------------++-------
Melee: Dagger            ||   142
 Cast: Corona            ||     7
 Stab: Sleeping          ||     8
Armor: Robe              ||    19
Dodge: Dodged            ||   102

Table legend: (Time is in decaauts)
 A = Elapsed time spent in this place.
 B = Non-inter-level travel time spent in this place.
 C = Inter-level travel time spent in this place.
 D = Time resting spent in this place.
 E = Time spent auto-exploring this place.
 F = Levels seen in this place.
 G = Mean time per level.
                   A        B        C        D        E       F      G
               +--------+--------+--------+--------+--------+-----+--------+
         Total |   2191 |   2143 |     48 |    242 |   1609 |   2 | 1095.5 |
       Dungeon |   2191 |   2143 |     48 |    242 |   1609 |   2 | 1095.5 |
               +--------+--------+--------+--------+--------+-----+--------+

Top non-repeatable levels by time:
     D:1: 1112 daAuts
     D:2: 1078 daAuts
